[Event "*** SCC Grand Prix: Titled Tuesday Blitz"]
[Site "Chess.com"]
[Date "2020.06.02"]
[Round "2"]
[White "ZAbdumalik"]
[Black "diablanni"]
[Result "1-0"]
[WhiteElo "2649"]
[BlackElo "2350"]
[TimeControl "180+1"]
[EndTime "10:15:19 PDT"]
[Termination "ZAbdumalik won by resignation"]

1. e4 c5 2. Nf3 Nc6 3. d4 cxd4 4. Nxd4 g6 5. c4 Nf6 6. Nc3 d6 7. Nc2 Bg7 8. Be2 O-O 9. O-O Nd7 10. Bd2 Nc5 11. f3 a5 12. Rb1 f5 13. exf5 Bxf5 14.
Kh1 Nd4 15. Nxd4 Bxb1 16. Ndb5 Bf5 17. Be3 b6 18. Qd2 Rc8 19. Nd5 Bd7 20. Bg5 Re8 21.
Nxd6 exd6 22. Bxd8 Rcxd8 23. Nxb6 Be6 24. Nd5 a4 25. Bd1 Bd7 26. Nc7 1-0

[Event "*** SCC Grand Prix: Titled Tuesday Blitz"]
[Site "Chess.com"]
[Date "2020.06.02"]
[Round "2"]
[White "MatyChess1"]
[Black "CrazyMartian"]
[Result "1-0"]
[WhiteElo "2587"]
[BlackElo "2296"]
[TimeControl "180+1"]
[EndTime "10:15:20 PDT"]
[Termination "MatyChess1 won by checkmate"]

1. e4 c5 2. Nf3 d6 3. d4 cxd4 4. Nxd4 Nf6 5. Nc3 a6 6. a4 e5 7. Nf3 Qc7 8. Bg5 Be7 9. Bxf6 Bxf6 10. Nd5 Qd8 11. Nd2 Be6 12. Nc4 Be7 13. Ncb6 Ra7 14.
Bc4 O-O 15. O-O Nd7 16. a5 Nf6 17. Qd3 Nd7 18. Rfd1 Nxb6 19. Nxb6 Qc7 20. Ra3 d5 21. exd5 Bxa3 22. dxe6 Bxb2 23. exf7+ Kh8 24. Qf5 Ba3 25. Bd3 e4 26. Bxe4 g6 27. Qf6# 1-0

[Event "*** SCC Grand Prix: Titled Tuesday Blitz"]
[Site "Chess.com"]
[Date "2020.06.02"]
[Round "2"]
[White "Orest_Vovk"]
[Black "talaicito"]
[Result "1-0"]
[WhiteElo "2390"]
[BlackElo "2106"]
[TimeControl "180+1"]
[EndTime "10:15:22 PDT"]
[Termination "Orest_Vovk won by resignation"]

1. e4 e5 2. Bc4 Nf6 3. d3 Nc6 4. a3 Bc5 5. Nc3 O-O 6. h3 h6 7. Nf3 d6 8. O-O Ne7 9. Be3 Ng6 10. Bxc5 dxc5 11. Ne2 c6 12. Nh2 b5 13. Ba2 c4 14.
dxc4 Nxe4 15. cxb5 Bb7 16. bxc6 Bxc6 17. Qxd8 Rfxd8 18. Rfd1 Kf8 19. Nf3 Ke7 20. Rd3 Rxd3 21. cxd3 Nd6 22.
d4 Bxf3 23. gxf3 Rc8 24. dxe5 Nxe5 25. Nd4 Kf6 26. Kg2 Nf5 27. Nxf5 Kxf5 28. Bd5 Rc2 29.
Be4+ Kf4 30. Bxc2 Nxf3 31. Rd1 Nh4+ 32. Kf1 1-0

[Event "*** SCC Grand Prix: Titled Tuesday Blitz"]
[Site "Chess.com"]
[Date "2020.06.02"]
[Round "2"]
[White "ErikRonka"]
[Black "aRk_iN"]
[Result "1-0"]
[WhiteElo "2384"]
[BlackElo "2088"]
[TimeControl "180+1"]
[EndTime "10:15:25 PDT"]
[Termination "ErikRonka won by resignation"]

1. d4 d5 2. e4 dxe4 3. Nc3 Nf6 4. f3 Bf5 5. g4 Bg6 6. h4 h5 7. g5 Nd5 8. Nxe4 e6 9. Ne2 Nc6 10. c4 Nb6 11. b3 Bb4+ 12. Kf2 a5 13. Be3 a4 14. Nf4 axb3 15. Nxg6 fxg6 16. axb3 O-O 17. Rxa8 Qxa8 18. Bh3 Qa2+ 19. Kg3 Bd6+ 20. Nxd6 cxd6 21. Bxe6+ Kh7 22. Rh2 Ne7 1-0

[Event "*** SCC Grand Prix: Titled Tuesday Blitz"]
[Site "Chess.com"]
[Date "2020.06.02"]
[Round "2"]
[White "eljanov"]
[Black "Zq1"]
[Result "1-0"]
[WhiteElo "2830"]
[BlackElo "2532"]
[TimeControl "180+1"]
[EndTime "10:15:28 PDT"]
[Termination "eljanov won by resignation"]

1. Nf3 Nf6 2. g3 d5 3. Bg2 c6 4. O-O Bf5 5. c4 e6 6. Qb3 Qb6 7. d3 h6 8. Be3 Qxb3 9. axb3 a6 10. Bd2 Nbd7 11. Bc3 Be7 12. Nbd2 O-O 13. b4 Rac8 14.
Nd4 Bh7 15. N4b3 Rfe8 16. e4 dxe4 17. dxe4 Bd6 18. c5 Bc7 19. Rfe1 Be5 20. Nc4 Bxc3 21. bxc3 Rb8 22. Nd6 Red8 23. Na5 Ne8 24. Naxb7 Nxd6 25. Nxd8 1-0

[Event "*** SCC Grand Prix: Titled Tuesday Blitz"]
[Site "Chess.com"]
[Date "2020.06.02"]
[Round "2"]
[White "cukin84"]
[Black "ehrenfeld"]
[Result "0-1"]
[WhiteElo "2207"]
[BlackElo "2437"]
[TimeControl "180+1"]
[EndTime "10:15:34 PDT"]
[Termination "ehrenfeld won by resignation"]

1. e4 e5 2. Nf3 Nc6 3. c3 Nf6 4. d4 exd4 5. e5 Nd5 6. cxd4 Bb4+ 7. Bd2 Bxd2+ 8. Nbxd2 d6 9. Bb5 O-O 10. O-O Nce7 11.
Rc1 Bf5 12. Nc4 a6 13. exd6 cxd6 14. Ba4 b5 15. Bb3 bxc4 16. Bxc4 Be6 17. Ng5 Qd7 18. Bd3 Bf5 19. Re1 h6 20. Ne4 a5 21. a4 Rac8 22. Rb1 Nb4 23. Bb5 Qd8 24. Ng3 Bxb1 25. Qxb1 d5 26. Qd1 Qd6 27. Qg4 f5 28. Qh4 Ng6 29.
Qh3 Nf4 0-1

[Event "*** SCC Grand Prix: Titled Tuesday Blitz"]
[Site "Chess.com"]
[Date "2020.06.02"]
[Round "2"]
[White "ViIIagra"]
[Black "Arek_pacitan"]
[Result "1-0"]
[WhiteElo "2847"]
[BlackElo "2543"]
[TimeControl "180+1"]
[EndTime "10:15:36 PDT"]
[Termination "ViIIagra won by resignation"]

1. e4 c5 2. Nc3 Nc6 3. Bb5 e6 4. Bxc6 bxc6 5. f4 d5 6. Nf3 Nf6 7. d3 Be7 8. O-O O-O 9. b3 dxe4 10. Nxe4 Nxe4 11. dxe4 c4 12. Be3 cxb3 13. axb3 c5 14. Qe2 Bb7 15. Qc4 Qb6 16. Ne5 Rfd8 17. Rfd1 f6 18. Nd3 Qc6 19. Nf2 f5 20. Rxd8+ Rxd8 21. Rxa7 fxe4 22. f5 Rd4 23. Bxd4 e3 24. Qxe6+ Qxe6 25. fxe6 e2 26. Bc3 Bf6 27. Be1 1-0

[Event "*** SCC Grand Prix: Titled Tuesday Blitz"]
[Site "Chess.com"]
[Date "2020.06.02"]
[Round "2"]
[White "Rodalquilar"]
[Black "icychess54"]
[Result "1-0"]
[WhiteElo "2631"]
[BlackElo "2241"]
[TimeControl "180+1"]
[EndTime "10:15:36 PDT"]
[Termination "Rodalquilar won by checkmate"]

1. d4 d5 2. c4 c6 3. cxd5 cxd5 4.
Bf4 Nc6 5. e3 Nf6 6. Nc3 e6 7.
Bd3 Bd6 8. Bxd6 Qxd6 9. f4 a6 10.
Nf3 b5 11. Ne5 Bb7 12. O-O O-O 13. Qf3 Qe7 14. a3 Nd7 15. Qh3 f5 16. Nxd5 exd5 17. Bxf5 Nf6 18. Be6+ Rf7 19. Bxf7+ Kf8 20. Be6 Re8 21.
Ng6+ hxg6 22. Qh8+ Ng8 23. Qxg8# 1-0

[Event "*** SCC Grand Prix: Titled Tuesday Blitz"]
[Site "Chess.com"]
[Date "2020.06.02"]
[Round "2"]
[White "fodorpoti"]
[Black "karinachess1"]
[Result "1-0"]
[WhiteElo "2758"]
[BlackElo "2504"]
[TimeControl "180+1"]
[EndTime "10:15:37 PDT"]
[Termination "fodorpoti won by resignation"]

1. d4 d5 2. c4 e6 3. Nc3 Nf6 4. cxd5 exd5 5. Bg5 c6 6. e3 Kd7 7. Bd3 Be7 8. Nf3 Ke8 9. h3 Nbd7 10. Qc2 Nh5 11.
Bxe7 Qxe7 12. O-O-O Nhf6 13. g4 Kf8 14. Kb1 g6 15. g5 Nh5 16. e4 dxe4 17. Nxe4 Kg7 18. Rhe1 Qb4 19. a3 Qa5 20. Ka1 Nb6 21. Nc5 Nd5 22.
Bc4 Nhf4 23. Ne5 Bf5 24. Qb3 b5 25. Bxd5 Nxd5 26. Nxc6 Qb6 27. Qxd5 Rac8 28. Qe5+ 1-0

[Event "*** SCC Grand Prix: Titled Tuesday Blitz"]
[Site "Chess.com"]
[Date "2020.06.02"]
[Round "2"]
[White "Szparu"]
[Black "chenxiaoyuer"]
[Result "0-1"]
[WhiteElo "2626"]
[BlackElo "2318"]
[TimeControl "180+1"]
[EndTime "10:15:39 PDT"]
[Termination "chenxiaoyuer won by resignation"]

1. e4 c5 2. Nf3 d6 3. d4 cxd4 4. Nxd4 Nf6 5. Nc3 Nc6 6. Bg5 e6 7. Qd2 Qb6 8. Nb3 Be7 9. O-O-O O-O 10. Be3 Qc7 11. f3 Rd8 12. g4 d5 13. g5 dxe4 14. Qg2 Rxd1+ 15. Kxd1 exf3 16. Qxf3 Ne5 17. Qe2 Nd5 18.
Nxd5 exd5 19. Kc1 Bg4 20. Qf2 Rc8 21. Nd4 Nc4 22. Bxc4 dxc4 23. h4 c3 24. h5 Qb6 25. Nb3 Bxg5 0-1

[Event "*** SCC Grand Prix: Titled Tuesday Blitz"]
[Site "Chess.com"]
[Date "2020.06.02"]
[Round "2"]
[White "DenisQ"]
[Black "GMBenjaminBok"]
[Result "0-1"]
[WhiteElo "2564"]
[BlackElo "2909"]
[TimeControl "180+1"]
[EndTime "10:15:40 PDT"]
[Termination "GMBenjaminBok won by resignation"]

1. Nf3 d5 2. c4 c6 3. cxd5 cxd5 4. d4 Nf6 5. Nc3 Nc6 6. Bf4 Bf5 7. e3 e6 8. Ne5 Nd7 9. Bb5 Ndxe5 10. Bxe5 f6 11. Bg3 Rc8 12. O-O Be7 13. Rc1 O-O 14. Na4 Nb4 15. Qd2 Nxa2 16. Ra1 Rc2 17. Qd1 Qa5 18. Nc3 Rxb2 19. Nxa2 Qxb5 0-1

[Event "*** SCC Grand Prix: Titled Tuesday Blitz"]
[Site "Chess.com"]
[Date "2020.06.02"]
[Round "2"]
[White "obliviate12"]
[Black "SahaNeelash"]
[Result "0-1"]
[WhiteElo "2811"]
[BlackElo "2546"]
[TimeControl "180+1"]
[EndTime "10:15:41 PDT"]
[Termination "SahaNeelash won on time"]

1. Nf3 d6 2. d4 Nd7 3. g3 g6 4.
Bg2 Bg7 5. O-O e5 6. e4 Ne7 7. a4 O-O 8. a5 a6 9. Re1 Nc6 10. c3 Kh8 11. Nbd2 exd4 12. cxd4 Nxd4 13. Nxd4 Bxd4 14. Nc4 Bg7 15. Bf4 Ne5 16. Qc2 Be6 17. Nxe5 Bxe5 18. Bh6 Bg7 19. Bxg7+ Kxg7 20. Rac1 Rc8 21. Rcd1 Qf6 22. e5 dxe5 23. Bxb7 Rb8 24. Qxc7 e4 25. b4 Bg4 26. Rd6 Rxb7 27. Rxf6 Rxc7 28. Rxa6 Rb8 0-1

[Event "*** SCC Grand Prix: Titled Tuesday Blitz"]
[Site "Chess.com"]
[Date "2020.06.02"]
[Round "2"]
[White "Arkady_Gitelson"]
[Black "PavelChernomordik"]
[Result "1-0"]
[WhiteElo "2493"]
[BlackElo "2259"]
[TimeControl "180+1"]
[EndTime "10:15:41 PDT"]
[Termination "Arkady_Gitelson won by resignation"]

1. Nf3 g6 2. g3 Bg7 3. d4 d6 4.
Bg2 Nf6 5. O-O O-O 6. Nc3 Nbd7 7. e4 c5 8. h3 cxd4 9. Nxd4 a6 10. a4 Nc5 11. a5 Qc7 12. Bg5 e6 13. Qd2 Bd7 14. Bh6 Rad8 15. Bxg7 Kxg7 16. b4 Bc6 17. Nxc6 bxc6 18.
bxc5 dxc5 19. Qe2 Rd4 20. Qxa6 Rd2 21. Qb6 Qe5 22. Na4 Rxc2 23. Rac1 Rxc1 24. Rxc1 Qd4 25.
Nxc5 Qd2 26. Rf1 Rd8 27. a6 Rc8 28. a7 Nd7 29. Qb7 Nxc5 30. Qxc8 1-0

[Event "*** SCC Grand Prix: Titled Tuesday Blitz"]
[Site "Chess.com"]
[Date "2020.06.02"]
[Round "2"]
[White "Lagmantr"]
[Black "AndrewDGreen"]
[Result "1-0"]
[WhiteElo "2620"]
[BlackElo "2307"]
[TimeControl "180+1"]
[EndTime "10:15:43 PDT"]
[Termination "Lagmantr won by checkmate"]

1. e4 c5 2. Nf3 g6 3. d4 cxd4 4.
Qxd4 Nf6 5. e5 Nc6 6. Qc3 Ne4 7.
Qe3 d5 8. Nc3 Nxc3 9. bxc3 Bg7 10. Bd3 O-O 11. O-O Bg4 12. Re1 Bxf3 13. gxf3 Nxe5 14. Bf1 e6 15. Rb1 b6 16. f4 Nc4 17. Qg3 Rc8 18. h4 h5 19. f5 exf5 20. Bg5 Qc7 21. Qf3 Ne5 22. Qxd5 Qxc3 23. Bg2 Rfe8 24. Re3 Qxc2 25. Rbe1 Qa4 26. Rxe5 Rxe5 27.
Rxe5 Bxe5 28. Qxe5 Qd1+ 29. Kh2 f6 30. Bd5+ Kg7 31.
Qxf6+ Kh7 32. Qf7+ Kh8 33. Bf6# 1-0

[Event "*** SCC Grand Prix: Titled Tuesday Blitz"]
[Site "Chess.com"]
[Date "2020.06.02"]
[Round "2"]
[White "Shota_Azaladze"]
[Black "antoszu"]
[Result "1-0"]
[WhiteElo "2839"]
[BlackElo "2539"]
[TimeControl "180+1"]
[EndTime "10:15:46 PDT"]
[Termination "Shota_Azaladze won by resignation"]

1. Nf3 d5 2. g3 c6 3. Bg2 Bg4 4. O-O e6 5. d4 Nd7 6. Nbd2 Ngf6 7. Re1 Be7 8. e4 Nxe4 9. Nxe4 dxe4 10. Rxe4 Nf6 11. Re1 O-O 12. c3 Qb6 13. Qb3 Rfe8 14. Ne5 Bf5 15. Nc4 Qxb3 16. axb3 Nd5 17. Na5 Rab8 18.
Bxd5 cxd5 19. Bf4 Rbc8 20. Nxb7 Ra8 21. b4 g5 22. Bd6 Bf6 23. Ra5 Bd8 24. Nxd8 Raxd8 25. Bc5 Bd3 26. Rxa7 Ra8 27. Rea1 Rxa7 28. Rxa7 e5 29.
dxe5 Rxe5 30. Ra8+ 1-0

[Event "*** SCC Grand Prix: Titled Tuesday Blitz"]
[Site "Chess.com"]
[Date "2020.06.02"]
[Round "2"]
[White "gemarin"]
[Black "ChessBitl"]
[Result "1-0"]
[WhiteElo "2006"]
[BlackElo "2340"]
[TimeControl "180+1"]
[EndTime "10:15:47 PDT"]
[Termination "gemarin won by resignation"]

1. d4 Nf6 2. c4 g6 3. Nc3 Bg7 4. Nf3 d6 5. e4 O-O 6. Be2 e5 7. d5 a5 8. Bg5 Na6 9. Nd2 h6 10. Bh4 Nc5 11. Rb1 Bd7 12. O-O Qe8 13. f3 Nh7 14. b3 f5 15. a3 Bf6 16. Bf2 fxe4 17. Ndxe4 Nxe4 18. Nxe4 Bh4 19. Bxh4 g5 20. Bf2 Bf5 21.
Bd3 Kh8 22. c5 Qe7 23. Rc1 Rg8 24. h3 h5 25. Ng3 Bxd3 26. Qxd3 g4 27. hxg4 hxg4 28.
f4 exf4 29. Bd4+ Nf6 30. Rxf4 Rg6 31. Rcf1 Rf8 32. Qxg6 1-0

[Event "*** SCC Grand Prix: Titled Tuesday Blitz"]
[Site "Chess.com"]
[Date "2020.06.02"]
[Round "2"]
[White "MateSchmate"]
[Black "lidiyato"]
[Result "1-0"]
[WhiteElo "2386"]
[BlackElo "2105"]
[TimeControl "180+1"]
[EndTime "10:15:49 PDT"]
[Termination "MateSchmate won on time"]

1. e4 e5 2. Nf3 Nc6 3. d4 exd4 4.
Nxd4 Bc5 5. Nxc6 Qf6 6. Qf3 Qxf3 7. gxf3 dxc6 8. Be3 Bd6 9. Nc3 Be6 10. O-O-O Ne7 11. f4 f6 12. f5 Bf7 13. f4 c5 14. Nb5 Rd8 15. Nxd6+ cxd6 16. Bb5+ Kf8 17. Bxc5 Nc8 18. e5 fxe5 19. fxe5 Bh5 20. Rxd6 Nxd6 21.
Bxd6+ Kf7 22. Bc4+ 1-0

[Event "*** SCC Grand Prix: Titled Tuesday Blitz"]
[Site "Chess.com"]
[Date "2020.06.02"]
[Round "2"]
[White "xamax2000"]
[Black "BabyFacedAssasin"]
[Result "1-0"]
[WhiteElo "2643"]
[BlackElo "2312"]
[TimeControl "180+1"]
[EndTime "10:15:50 PDT"]
[Termination "xamax2000 won by resignation"]

1. e4 e6 2. d4 d5 3. Nc3 Nf6 4. Bg5 Bb4 5. e5 h6 6. Bd2 Bxc3 7. bxc3 Ne4 8. Bc1 c5 9. Ne2 cxd4 10. cxd4 Nc6 11. c3 Qa5 12. Qb3 f5 13. f3 Ng5 14.
h4 Nf7 15. Kf2 Bd7 16. Ba3 b5 17. Bc5 a6 18. Nf4 Qc7 19. Ng6 Rg8 20. Qa3 Qa5 21. Qb3 Qc7 22. Re1 Na5 23. Qa3 Nc6 24. Bxb5 Ncxe5 25. Bxd7+ Nxd7 26. Rxe6+ Kd8 27. Rhe1 Nxc5 28. dxc5 Kc8 29. c6 Rd8 30. Ne7+ Kb8 31. Rb1+ 1-0

[Event "*** SCC Grand Prix: Titled Tuesday Blitz"]
[Site "Chess.com"]
[Date "2020.06.02"]
[Round "2"]
[White "novocane"]
[Black "Piotrek1979"]
[Result "0-1"]
[WhiteElo "2165"]
[BlackElo "2415"]
[TimeControl "180+1"]
[EndTime "10:15:50 PDT"]
[Termination "Piotrek1979 won by resignation"]

1. d4 Nf6 2. c4 Nc6 3. Nf3 d6 4. Nc3 e5 5. d5 Ne7 6. e4 Ng6 7. h4 h5 8. Bg5 Be7 9. Be2 Ng4 10. g3 Nf8 11. Qc2 a5 12. Rf1 Nd7 13. O-O-O Nc5 14.
Kb1 Bd7 15. Bc1 g6 16. Ng5 f6 17. Nf3 O-O 18. Ne1 f5 19. f3 Nf6 20. Bg5 fxe4 21. Bxf6 Rxf6 22. Nxe4 Nxe4 23. fxe4 Rxf1 24. Bxf1 Qf8 25. Qh2 Qxf1 0-1

[Event "*** SCC Grand Prix: Titled Tuesday Blitz"]
[Site "Chess.com"]
[Date "2020.06.02"]
[Round "2"]
[White "killer311"]
[Black "gixfantastix"]
[Result "1-0"]
[WhiteElo "2378"]
[BlackElo "2068"]
[TimeControl "180+1"]
[EndTime "10:15:51 PDT"]
[Termination "killer311 won on time"]

1. d4 Nf6 2. c4 e6 3. Nc3 d5 4. e3 c6 5. Nf3 Nbd7 6. Qc2 Bd6 7.
b3 O-O 8. Bd3 Qe7 9. O-O a5 10.
Bb2 dxc4 11. bxc4 e5 12. Rfe1 Re8 13. Bf1 e4 14. Nd2 Bxh2+ 15. Kxh2 Ng4+ 16. Kg3 Qd6+ 17. f4 exf3+ 18. Kxf3 Qf6+ 19. Kxg4 Ne5+ 20. Kg3 Qg5+ 21.
Kf2 Ng4+ 22. Kg1 Nxe3 23. Nf3 Qg3 24. Qf2 Qf4 25. Bc1 Qxd4 26. Nxd4 1-0

[Event "*** SCC Grand Prix: Titled Tuesday Blitz"]
[Site "Chess.com"]
[Date "2020.06.02"]
[Round "2"]
[White "AndrewMaco"]
[Black "chessbia"]
[Result "1-0"]
[WhiteElo "2607"]
[BlackElo "2114"]
[TimeControl "180+1"]
[EndTime "10:15:52 PDT"]
[Termination "AndrewMaco won by resignation"]

1. e4 e5 2. Nf3 Nc6 3. Bb5 a6 4. Ba4 Nf6 5. O-O Be7 6. Re1 b5 7. Bb3 d6 8. c3 O-O 9. h3 Nb8 10.
d4 Nbd7 11. c4 bxc4 12. Bxc4 Bb7 13. Nc3 exd4 14. Nxd4 Nb6 15. Bb3 g6 16. Qf3 c5 17.
Nde2 c4 18. Bc2 Nfd7 19. Nf4 Ne5 20. Qg3 Bh4 21. Qe3 Nbd7 22. Rd1 Nc5 23. b4 cxb3 24.
axb3 Re8 25. Ncd5 Rc8 26. Bb2 Bg5 27. Qe2 Bh6 28. b4 Ncd7 29. Bb3 Nf6 30. Nxf6+ Qxf6 31. Nd5 Qh4 32. Kh2 Rcd8 33. g3 Qh5 34. Nf6+ 1-0

[Event "*** SCC Grand Prix: Titled Tuesday Blitz"]
[Site "Chess.com"]
[Date "2020.06.02"]
[Round "2"]
[White "Evgeny81"]
[Black "RobertPrieb2007"]
[Result "0-1"]
[WhiteElo "2708"]
[BlackElo "2503"]
[TimeControl "180+1"]
[EndTime "10:15:54 PDT"]
[Termination "RobertPrieb2007 won by resignation"]

1. d4 Nf6 2. c4 g6 3. Nc3 d5 4. Bf4 Bg7 5. e3 O-O 6. cxd5 Nxd5 7. Nxd5 Qxd5 8. Bxc7 Bf5 9. Ne2 Na6 10. Nc3 Qc6 11.
Bg3 Nb4 12. Rc1 Rac8 13. a3 Nd5 14. Be2 Nxc3 15. Rxc3 Qxg2 16. Bf3 Qh3 17. Bxb7 Rxc3 18. bxc3 e5 19. Rg1 Rb8 20. Bg2 Qh6 21. e4 Be6 22. d5 Bd7 23. Bf3 f5 24. exf5 Bxf5 25. Qa4 Qc1+ 26.
Bd1 Qxc3+ 27. Ke2 Qd3+ 28. Ke1 Bh6 29. Qa5 Qe4+ 30. Kf1 Bh3+ 31. Rg2 Qxg2+ 0-1

[Event "*** SCC Grand Prix: Titled Tuesday Blitz"]
[Site "Chess.com"]
[Date "2020.06.02"]
[Round "2"]
[White "x-0414717230"]
[Black "szefru"]
[Result "1-0"]
[WhiteElo "2607"]
[BlackElo "2114"]
[TimeControl "180+1"]
[EndTime "10:15:54 PDT"]
[Termination "x-0414717230 won by resignation"]

1. d4 Nf6 2. c4 g6 3. Nc3 Bg7 4. e4 d6 5. Nf3 O-O 6. Be2 e5 7. Be3 Nc6 8. d5 Ne7 9. Nd2 Ne8 10. b4 f5 11. f3 f4 12. Bf2 g5 13. c5 Ng6 14.
Nc4 h5 15. a4 Nh4 16. Rg1 Kh8 17. a5 Rg8 18. Kd2 Bd7 19. a6 Rb8 20. axb7 c6 21.
dxc6 Bxc6 22. b5 dxc5+ 23. Kc2 Bxb7 24. Qxd8 Rxd8 25. Rxa7 Rb8 26. Bxc5 Bf8 27. Bxf8 Rxf8 28. g3 fxg3 29. Rxg3 g4 30. fxg4 hxg4 31. Rxg4 Rf4 32. Nxe5 Rxg4 33. Bxg4 Ng2 34. Nd7 Ne3+ 35. Kd3 Nxg4 36.
Nxb8 Ne5+ 37. Kd4 1-0

[Event "*** SCC Grand Prix: Titled Tuesday Blitz"]
[Site "Chess.com"]
[Date "2020.06.02"]
[Round "2"]
[White "Feegus"]
[Black "PauloCesarCosta_sad"]
[Result "1-0"]
[WhiteElo "2426"]
[BlackElo "2193"]
[TimeControl "180+1"]
[EndTime "10:15:54 PDT"]
[Termination "Feegus won on time"]

1. Nf3 Nf6 2. g3 g6 3. Bg2 Bg7 4. O-O O-O 5. c4 c5 6. Nc3 Nc6 7. Rb1 d5 8. cxd5 Nxd5 9. d3 Bxc3 10. bxc3 Nxc3 11. Qc2 Nxb1 12. Qxb1 Qb6 13. Qa1 f6 14. Be3 Bg4 15. Rc1 Nd4 16. Nxd4 cxd4 17. Bxd4 Qa6 18.
Bd5+ e6 19. Bc4 b5 20. Bb3 Rac8 21. f3 Rxc1+ 22. Qxc1 Bh3 23. g4 Qc8 24. Qh6 Qd7 25.
Bb2 Bxg4 26. fxg4 Rf7 27. Qe3 Re7 28. g5 f5 29. Qe5 1-0

[Event "*** SCC Grand Prix: Titled Tuesday Blitz"]
[Site "Chess.com"]
[Date "2020.06.02"]
[Round "2"]
[White "InitiatingASC"]
[Black "ecwinslow"]
[Result "1-0"]
[WhiteElo "2393"]
[BlackElo "2128"]
[TimeControl "180+1"]
[EndTime "10:15:54 PDT"]
[Termination "InitiatingASC won on time"]

1. Nf3 Nf6 2. b3 g6 3. Bb2 Bg7 4. e3 O-O 5. c4 d6 6. Be2 Nbd7 7. O-O e5 8. d3 c6 9. Nbd2 a6 10. Qc2 Re8 11. Rfe1 a5 12. a3 Nc5 13. b4 Ne6 14.
Nb3 a4 15. Nbd2 c5 16. Ne4 Nh5 17. Nc3 Bd7 18. b5 f5 19. Nxa4 Rxa4 20. Qxa4 e4 21. Bxg7 exf3 22. Bxf3 Nhxg7 23. Bxb7 f4 24. Bd5 Kh8 25.
Qa6 Qe7 26. b6 f3 27. Bxf3 Ng5 28. Bd5 1-0

[Event "*** SCC Grand Prix: Titled Tuesday Blitz"]
[Site "Chess.com"]
[Date "2020.06.02"]
[Round "2"]
[White "KejJaj"]
[Black "CroissantNeuf"]
[Result "0-1"]
[WhiteElo "2033"]
[BlackElo "2365"]
[TimeControl "180+1"]
[EndTime "10:15:54 PDT"]
[Termination "CroissantNeuf won by resignation"]

1. d4 Nf6 2. Bf4 e6 3. e3 d5 4. Nd2 Bd6 5. Bg3 O-O 6. Ngf3 b6 7. Ne5 Bb7 8. Bd3 c5 9. c3 Nc6 10. Qf3 Qc7 11. Nxc6 Bxc6 12. Bh4 Nd7 13. Qh5 g6 14.
Qh6 e5 15. Nf3 Rfe8 16. Ng5 Nf8 17. dxe5 Bxe5 18. O-O-O Bg7 19. Ne6 Nxe6 0-1

[Event "*** SCC Grand Prix: Titled Tuesday Blitz"]
[Site "Chess.com"]
[Date "2020.06.02"]
[Round "2"]
[White "VitaliyBernadskiy"]
[Black "ChelsieMonica"]
[Result "1-0"]
[WhiteElo "2684"]
[BlackElo "2455"]
[TimeControl "180+1"]
[EndTime "10:15:56 PDT"]
[Termination "VitaliyBernadskiy won by resignation"]

1. d4 Nf6 2. c4 e5 3. dxe5 Ne4 4. Nf3 Bb4+ 5. Bd2 Nxd2 6. Nbxd2 O-O 7. a3 Be7 8. e3 Nc6 9. Be2 Re8 10. Qc2 Bf8 11. c5 Nxe5 12. O-O d5 13. Nxe5 Rxe5 14. b4 a5 15. Nb3 axb4 16. axb4 Bd7 17. Rxa8 Qxa8 18. Ra1 Qd8 19. Qc3 Rg5 20. Bf3 c6 21. Ra7 Qc7 22. Ra8 h5 23. h4 Rg6 24. Nd4 Bg4 25. Bxg4 Rxg4 26. g3 Qe7 27. Qa1 Qxh4 28. Nf5 Qg5 29. Rxf8+ Kh7 30. Rxf7 1-0

[Event "*** SCC Grand Prix: Titled Tuesday Blitz"]
[Site "Chess.com"]
[Date "2020.06.02"]
[Round "2"]
[White "PotapovaM"]
[Black "AniJak"]
[Result "1-0"]
[WhiteElo "2455"]
[BlackElo "2244"]
[TimeControl "180+1"]
[EndTime "10:15:56 PDT"]
[Termination "PotapovaM won by checkmate"]

1. d4 d5 2. c4 c6 3. Nf3 Nf6 4. g3 dxc4 5. Bg2 b5 6. Ne5 Bb7 7. O-O e6 8. a4 a6 9. b3 cxb3 10. Qxb3 Qxd4 11. Bb2 Qb4 12. Qc2 Qc5 13. Qb3 Qb4 14.
Qc2 Qc5 15. Qd2 Nbd7 16. Rc1 Qd6 17. Nd3 b4 18. Qc2 Rc8 19. Nd2 Be7 20. Nc4 Qb8 21.
Nde5 O-O 22. Rd1 Rfd8 23. a5 c5 24. e4 Nxe5 25. Bxe5 Qa8 26. Nb6 Qa7 27. Nxc8 Bxc8 28. h3 Nd7 29. Bb2 Bb7 30. Qa4 Nb8 31. Rxd8+ Bxd8 32. Qe8# 1-0

[Event "*** SCC Grand Prix: Titled Tuesday Blitz"]
[Site "Chess.com"]
[Date "2020.06.02"]
[Round "2"]
[White "yonaltimur"]
[Black "Redbandit87"]
[Result "0-1"]
[WhiteElo "1496"]
[BlackElo "2335"]
[TimeControl "180+1"]
[EndTime "10:15:56 PDT"]
[Termination "Redbandit87 won on time"]

1. e4 e5 2. Nf3 Nc6 3. Bb5 Bc5 4.
O-O Qf6 5. d3 h6 6. c3 Nge7 7.
Nbd2 O-O 8. Re1 d6 9. Nf1 Bg4 10. h3 Bxf3 11. Qxf3 Qxf3 12. gxf3 Ng6 13. Kg2 Nh4+ 14.
Kg3 g5 15. Ne3 Ne7 16. Bc4 Kg7 17. Ng2 Nhg6 18. Ne3 f5 19. Nd5 Nxd5 20. exd5 f4+ 21. Kg2 Nh4+ 22. Kf1 Nxf3 23. Re4 Rae8 24. a4 a6 25. b4 Ba7 26. b5 a5 27. Ba3 Nd2+ 28.
Ke2 Nxe4 29. dxe4 f3+ 30. Kf1 Rf4 31. Bd3 Rh4 32. Ke1 Rxh3 33. Bf1 Rh2 34. Ra2 g4 35. Rd2 g3 36. fxg3 f2+ 0-1

[Event "*** SCC Grand Prix: Titled Tuesday Blitz"]
[Site "Chess.com"]
[Date "2020.06.02"]
[Round "2"]
[White "Jungle_Jaguar"]
[Black "Colombiano07"]
[Result "0-1"]
[WhiteElo "2605"]
[BlackElo "2325"]
[TimeControl "180+1"]
[EndTime "10:15:58 PDT"]
[Termination "Colombiano07 won by resignation"]

1. e4 c5 2. Nf3 g6 3. d4 cxd4 4. Nxd4 Nf6 5. f3 Bg7 6. c4 O-O 7. Nc3 Nc6 8. Be3 Nxd4 9. Bxd4 d6 10. Qd2 Be6 11. Be2 a5 12. O-O a4 13. Rac1 Qa5 14. Rfd1 Rfc8 15. Nd5 Qxd2 16. Rxd2 Bxd5 17. exd5 Bh6 18.
Rcd1 Bxd2 19. Rxd2 Nd7 20. f4 Nc5 21. Bg4 f5 22.
Be2 Kf7 23. h3 h5 24. g4 hxg4 25. hxg4 e5 26. fxe5 Ne4 27. e6+ Ke7 28. Rd1 a3 29. b4 b5 30. c5 Ra4 31. cxd6+ Kxd6 32. gxf5 gxf5 33. Be3 Rxb4 34. Bf4+ Ke7 35. Bd3 Rd4 36. d6+ Kxe6 37. Kg2 Rc3 38. Be2 Rxd1 39. Bxd1 Nxd6 40.
Bb3+ Rxb3 41. axb3 a2 42. Be5 Kxe5 0-1

[Event "*** SCC Grand Prix: Titled Tuesday Blitz"]
[Site "Chess.com"]
[Date "2020.06.02"]
[Round "2"]
[White "Malysch"]
[Black "VladimirBelous"]
[Result "0-1"]
[WhiteElo "2494"]
[BlackElo "2729"]
[TimeControl "180+1"]
[EndTime "10:15:59 PDT"]
[Termination "VladimirBelous won by resignation"]

1. d4 Nf6 2. c4 g6 3. g3 c5 4. Bg2 cxd4 5. Nf3 e5 6. Nxd4 exd4 7. Qxd4 Nc6 8. Qd2 Bg7 9. O-O O-O 10. Nc3 d6 11. b3 Be6 12. Bb2 Qe7 13. Rad1 Rad8 14. h3 a6 15. Kh2 Rfe8 16. e3 h5 17. Rfe1 Qc7 18. Kg1 Qa5 19. Rc1 d5 20. Nb1 Qxa2 21. Qc2 dxc4 22. bxc4 Nb4 0-1